 Dungeon Crawl Stone Soup version 0.32-a0-39-g5c88369fb2 (webtiles) character file.

Game seed: 15622140262534244108

252829 Gargoyl the Peltast (level 20, -1/134 HPs)
             Began as a Gargoyle Berserker on Feb 1, 2024.
             Was an Elder of Trog.
             Killed from afar by an ironbound thunderhulk (15 damage)
             ... with a bolt of lightning
             ... led by a vault warden
             ... on level 1 of the Vaults.
             The game lasted 01:12:09 (30448 turns).

Gargoyl the Peltast (Gargoyle Berserker)           Turns: 30448, Time: 01:12:10

Health: -1/134     AC: 34    Str: 27    XL:     20   Next: 14%
Magic:  20/20      EV: 15    Int: 11    God:    Trog [****..]
Gold:   2753       SH: 20    Dex: 23    Spells: 19/19 levels left

rFire   + . .        a - +8 demon blade "Leech" {evervamp, Harm ^Drain rN+}
rCold   . . .        c - +3 kite shield {reflect}
rNeg    + + .        s - +0 chain mail of the Threshing Gods {rElec rPois rF+ Dex+2}
rPois   ∞            W - +2 hat
rElec   +            (no cloak)
rCorr   .            E - +2 pair of gloves
SInv    .            (no boots)
Will    +++..        A - amulet of regeneration
Stlth   ++           m - +6 ring of dexterity
HPRegen 2.22/turn    j - +6 ring of strength
MPRegen 0.17/turn

%: harm (+30% outgoing, +20% incoming), reflection
@: strong-willed, on berserk cooldown, flying, regenerating, slowed, very slow
A: sickness immunity, AC +15, big wings, negative energy resistance 1,
electricity resistance, torment resistance 1, petrification resistance, fangs 1
}: 1/15 runes: serpentine
a: Renounce Religion, Berserk, Trog's Hand, Brothers in Arms


You were on level 1 of the Vaults.
You worshipped Trog.
Trog was greatly pleased with you.
You visited 6 branches of the dungeon, and saw 30 of its levels.
You visited the Abyss 1 time.
You also visited: Sewer, Gauntlet and Volcano.

You collected 3700 gold pieces.
You spent 947 gold pieces at shops.

Inventory:

Hand Weapons
 a - the +8 demon blade "Leech" (weapon) {evervamp, Harm ^Drain rN+}
   (You took it off a deep elf sorcerer on level 3 of the Elven Halls)

   rN+:       It protects you from negative energy.
   ^Drain:    It drains your maximum health when unequipped.
   Harm:      It increases damage dealt and taken.
 i - a +1 broad axe of electrocution
 u - a +4 broad axe of flaming
Missiles
 e - 90 poisoned darts (quivered)
Armour
 c - a +3 kite shield of reflection (worn)
 s - the +0 chain mail of the Threshing Gods (worn) {rElec rPois rF+ Dex+2}
   (You took it off an orc on level 4 of the Dungeon)

   Dex+2:     It affects your dexterity (+2).
   rF+:       It protects you from fire.
   rElec:     It insulates you from electricity.
   rPois:     It protects you from poison
 B - a +2 helmet
 E - a +2 pair of gloves (worn)
 W - a +2 hat (worn)
Jewellery
 d - a +6 ring of intelligence
 f - a ring of see invisible
 j - a +6 ring of strength (right hand)
 l - an amulet of the acrobat
 m - a +6 ring of dexterity (left hand)
 t - the ring of Riuk {rPois rCorr Int+8 Dex-5 Stlth-}
   (You found it on level 1 of the Snake Pit)

   [ring of resist corrosion]

   Int+8:     It affects your intelligence (+8).
   Dex-5:     It affects your dexterity (-5).
   rPois:     It protects you from poison rCorr: It protects you from acid and
   corrosion.
   Stlth-:    It makes you less stealthy.
 A - an amulet of regeneration (around neck)
Wands
 q - a wand of roots (6)
 r - a wand of flame (14)
 v - a wand of quicksilver (3)
 F - a wand of paralysis (10)
 J - a wand of digging (19)
 Q - a wand of mindburst (10)
Scrolls
 b - a scroll of enchant armour
 w - 4 scrolls of revelation
 y - 17 scrolls of identify
 D - 4 scrolls of immolation
 N - 4 scrolls of poison
 U - a scroll of fog
 Z - 2 scrolls of torment
Potions
 g - a potion of heal wounds
 h - 4 potions of haste
 k - a potion of might
 n - 5 potions of berserk rage
 o - 2 potions of magic
 p - 3 potions of enlightenment
 x - 3 potions of cancellation
 z - 4 potions of lignification
 C - a potion of mutation
 O - 2 potions of invisibility
 T - 2 potions of resistance
 Y - 8 potions of ambrosia


   Skills:
 + Level 17.1 Fighting
 + Level 3.3 Long Blades
 + Level 18.1(18.2) Axes
 + Level 1.7(12.0) Polearms
 + Level 14.8 Armour
 + Level 8.2 Dodging
 + Level 9.4 Stealth
 + Level 20.5 Shields


You had 19 spell levels left.
You didn't know any spells.
Your spell library was empty.

Dungeon Overview and Level Annotations

Branches:
Dungeon (15/15)            Temple (0/1) D:4            Lair (5/5) D:11
 Shoals (0/4) Lair:2        Snake (4/4) Lair:2        Slime (0/5) Lair:4
    Orc (2/2) D:11            Elf (3/3) Orc:2        Vaults (1/5) D:13
 Depths (0/4) D:15          Sewer (visited)         Volcano (visited)
Gauntlet (visited)

Altars:
Elyvilon
Fedhas
Hepliaklqana
Kikubaaqudgha
Makhleb
Ru
Sif Muna
Trog
Wu Jian
Xom
Zin
The Shining One

Shops:
D:8 *=[(!   Orc:2 ?(?(   Snake:3 [[(

Annotations:
D:14 Azrael


Innate Abilities, Weirdness & Mutations

You are immune to sickness and miasma.
Your stone body is resilient. (AC +15)
You are immune to poison.
Your large and strong wings let you fly.
You resist negative energy. (rN+)
You are resistant to electric shocks. (rElec)
You are resistant to unholy torment.
You are immune to petrification.
You have very sharp teeth.


Message History

You are exhausted.
You feel yourself slow down. You block the vault guard's attack.
The fire giant points at you and mumbles some strange words.
The bolt of fire misses you. The vault warden closely misses you.
You barely miss the vault warden.
The vault warden is moderately wounded.
The vault guard hits you but does no damage.
The vault warden hits you but does no damage.
You block the fire giant's attack.
The vault guard hits you but does no damage.
The fire giant hits you but does no damage.
The vault warden activates a sealing rune.
A door slams shut!
You closely miss the vault warden.
The vault warden is moderately wounded.
You block the vault guard's attack. You block the fire giant's attack.
You block the vault warden's attack.
Unknown command.
Your skin crawls.
You feel strong-willed.
The vault guard hits you but does no damage.
You block the vault warden's attack.
The fire giant hits you with a +2 great sword of flaming.
The fire giant burns you.
The fire giant hits you with a +2 great sword of flaming!
The fire giant burns you.
The vault warden hits you with a +0 great sword!
You block the vault guard's attack.
Strange energies crackle from the ironbound thunderhulk's apparatus.
The ironbound thunderhulk blinks!
Your ogre goes berserk!
You block the vault guard's attack.
The ironbound convoker casts a spell at the ironbound frostheart.
The ironbound frostheart seems to grow stronger.
You block the fire giant's attack.
The vault warden hits you with a +0 great sword!!
* * * LOW HITPOINT WARNING * * *
Electricity crackles from the ironbound thunderhulk's apparatus.
The bolt of lightning hits you! You resist.
You die...

.........## ######
.........# ......
.........# ......
.......... ......
...... ### ......
##.p# ######## ......
#..pC##......#........
#p@#......#........
##p#......#........
##O#......#........
#..+......#........
#.O##......#........
#..# ######'#........
#..# #...............
### #................
.................


You could see a fire giant, a vault warden, an ironbound thunderhulk (strong), a
vault guard (ally target), an ironbound frostheart (strong), an ironbound
convoker and a friendly ogre (summoned, berserk).

Vanquished Creatures
  A bone dragon (Abyss:5)
  A tentacled monstrosity (D:14)
  2 deep elf blademasters (Elf:3)
  Asterion (Elf:1)
  2 deep elf master archers (Elf:3)
  Frances (Snake:1)
  3 nagarajas
  A fire giant (D:10)
  Louise (D:14)
  6 deep elf sorcerers
  2 vault wardens (Vaults:1)
  3 deep elf elementalists (Elf:3)
  A stone giant (D:15)
  An ironbound preserver (Vaults:1)
  A cacodemon (D:14)
  2 ironbound thunderhulks (Vaults:1)
  2 very ugly things
  A formless jellyfish (Vaults:1)
  6 deep elf death magi
  3 deep elf demonologists (Elf:3)
  A minotaur (Gauntlet)
  8 deep elf annihilators
  A green death (Abyss:3)
  A fire dragon (D:15)
  The ghost of Drangen the Skirmisher, a journeyman GnHu of Okawaru (D:14)
  A deep elf high priest (Elf:3)
  2 ettins
  4 vault guards (D:13)
  A rakshasa (Abyss:5)
  A yaktaur captain (Vaults:1)
  5 salamander tyrants (Snake:4)
  6 hydras
  Erolcha (D:12)
  An ironbound frostheart (Vaults:1)
  10 anacondas
  A death knight (D:15)
  3 ogre magi
  3 catoblepae (Lair:5)
  18 two-headed ogres
  20 dancing weapons
  10 centaur warriors
  6 boulder beetles
  4 thrashing horrors (Abyss:3)
  11 naga warriors
  A demonic crawler (Abyss:3)
  17 death yaks
  3 tengu warriors
  A hell hog (Abyss:5)
  3 shock serpents (Snake:4)
  2 orc high priests
  5 naga sharpshooters
  20 deep elf knights
  A skeletal warrior (D:14)
  3 salamander mystics
  The ghost of YordlordTheGreat the Spear-Bearer, a novice MfSu of Sif Muna (D:8)
  A sixfirhy (Abyss:5)
  2 deep trolls (Orc:2)
  7 mana vipers
  A deep troll (shapeshifter) (D:14)
  2 ironbound convokers (Vaults:1)
  A glowing orange brain (D:14)
  2 phantasmal warriors (D:15)
  14 deep elf zephyrmancers
  5 arcanists
  An eye of devastation (shapeshifter) (D:14)
  4 naga ritualists
  29 deep elf pyromancers
  A lindwurm (Vaults:1)
  10 deep elf archers
  An orc knight (D:13)
  An oklob plant (Lair:4)
  An orc sorcerer (Elf:3)
  2 wolf spiders (Lair:1)
  13 ugly things
  3 manticores
  3 cyclopes
  23 salamanders
  6 meliai
  A meliai (shapeshifter) (Elf:3)
  12 elephants
  An ice statue (D:14)
  5 guardian serpents
  A black mamba (shapeshifter) (D:14)
  2 apocalypse crabs (Abyss:5)
  39 black mambas
  7 naga magi
  A torpor snail (Lair:5)
  A gargoyle (D:13)
  A hellion (Abyss:5)
  17 cane toads
  2 unseen horrors (D:12)
  2 freezing wraiths
  6 yaktaurs
  9 komodo dragons
  3 kobold demonologists
  2 rime drakes
  An anaconda simulacrum (D:14)
  5 ice devils
  9 unseen horror zombies (D:9)
  A tengu conjurer (D:14)
  The ghost of niknal the Caller, an amateur TrSu (D:4)
  A queen bee (D:15)
  A hellwing (Abyss:3)
  14 trolls
  6 polar bears
  A hornet (Lair:1)
  A tyrant leech (Gauntlet)
  14 blink frogs
  6 raiju
  A snapping turtle (Lair:2)
  4 dream sheep (Lair:5)
  17 slime creatures
  3 ynoxinuls (Abyss:5)
  3 air elementals
  55 yaks
  3 shadows
  3 water elementals
  2 fire bats (Volcano)
  3 fire elementals
  3 starcursed masses (Abyss:5)
  2 wraiths
  8 wyverns
  6 basilisks
  3 vampires
  A warg (shapeshifter) (D:14)
  2 golden eyes (Abyss:5)
  A minotaur simulacrum (D:14)
  2 wargs (Orc:2)
  7 vampire mosquitoes
  6 steam dragons
  A neqoxec (D:14)
  A swamp worm (shapeshifter) (Elf:2)
  4 swamp worms (Gauntlet)
  25 nagas
  A harpy simulacrum (D:14)
  A naga (shapeshifter) (D:14)
  A hydra simulacrum (D:14)
  2 acid dragons
  A hornet zombie (D:9)
  21 water moccasins
  2 hell hounds
  18 orc warriors
  An ice beast (D:6)
  6 black bears
  5 boggarts (D:14)
  3 laughing skulls (Abyss:5)
  2 wolves (D:11)
  A centaur (shapeshifter) (D:14)
  25 ogres
  5 phantoms
  10 centaurs
  9 kobold brigands
  17 bullfrogs
  A brain worm (Elf:3)
  2 small abominations (Abyss:5)
  A wyvern zombie (D:9)
  4 earth elementals
  4 scorpions
  An entropy weaver simulacrum (D:14)
  19 wights
  A lindwurm simulacrum (D:14)
  24 killer bees
  7 howler monkeys
  An electric eel (Lair:2)
  3 lava snakes (Lair:2)
  7 centaur zombies
  2 jellies
  24 orc priests
  A bombardier beetle (D:3)
  A gnoll bouda (D:10)
  2 hounds
  14 orc wizards
  Natasha (thrice) (D:3)
  2 sleepcaps
  3 iguanas
  A killer bee zombie (D:9)
  4 howler monkey zombies (D:9)
  4 gnolls (D:2)
  15 adders
  A river rat (Sewer)
  4 white imps
  3 dart slugs
  70 orcs
  4 endoplasms
  9 giant cockroaches
  5 goblins
  6 hobgoblins
  8 jackals
  7 quokkas
  7 ball pythons
  8 bats
  2 frilled lizards
  29 kobolds
  12 rats
  A lurking horror (Abyss:5)
  4 spectral weapons (Elf:1)
1152 creatures vanquished.

Vanquished Creatures (collateral kills)
  4 death yaks
  A dancing weapon (Elf:2)
  2 naga warriors
  2 salamander mystics (Snake:4)
  A deep elf zephyrmancer (Elf:2)
  An eye of devastation (shapeshifter) (D:14)
  2 ugly things (D:14)
  A naga mage (Snake:4)
  2 slime creatures (D:9)
  A yak (D:10)
  A naga (Snake:4)
  A wyvern zombie (D:9)
  A spectral howler monkey (D:8)
  An adder (Lair:1)
21 creatures vanquished.

Vanquished Creatures (others)
  3 deep elf knights
  A deep elf pyromancer (Elf:2)
  A salamander (Snake:4)
  A komodo dragon (Lair:3)
  A yak (Lair:3)
  An orc wizard (D:7)
  A spectral weapon (D:9)
9 creatures vanquished.

Grand Total: 1182 creatures vanquished

Notes
Turn   | Place    | Note
-------+----------+-------------------------------------------
     0 | D:1      | Gargoyl the Gargoyle Berserker began the quest for the Orb.
     0 | D:1      | Reached XP level 1. HP: 14/14 MP: 1/1
    32 | D:1      | Reached XP level 2. HP: 19/19 MP: 2/2
   272 | D:1      | Reached XP level 3. HP: 20/23 MP: 3/3
   549 | D:1      | Reached ** piety under Trog
   833 | D:2      | Reached XP level 4. HP: 29/29 MP: 4/4
   840 | D:2      | Reached skill level 1 in Shields
  1097 | D:2      | Found a shimmering altar of Xom.
  1253 | D:3      | Gained mutation: You have hidden genetic defects. [potion
                  | of mutation]
  1253 | D:3      | Gained mutation: Your magical capacity is low. (-10% MP)
                  | [potion of mutation]
  1253 | D:3      | Gained mutation: Your muscles are strong. (Str +4, Int/Dex
                  | -1) [potion of mutation]
  1253 | D:3      | Lost mutation: You have hidden genetic defects. [potion of
                  | mutation]
  1298 | D:3      | Reached XP level 5. HP: 33/33 MP: 4/4
  1547 | D:3      | Reached *** piety under Trog
  1550 | D:3      | Reached XP level 6. HP: 38/38 MP: 5/5
  1571 | D:3      | Found an ornate altar of the Wu Jian Council.
  1597 | D:3      | Found an ancient bone altar of Kikubaaqudgha.
  1597 | D:3      | Noticed Natasha
  1604 | D:3      | Killed Natasha
  1792 | D:3      | Noticed Natasha
  1873 | D:3      | Killed Natasha
  1920 | D:4      | Noticed a water moccasin
  1920 | D:4      | Found a glowing silver altar of Zin.
  1923 | D:4      | Killed a water moccasin
  1924 | D:4      | Reached skill level 5 in Axes
  1924 | D:4      | Reached skill level 2 in Shields
  1975 | D:3      | Noticed Natasha
  1980 | D:3      | Killed Natasha
  1995 | D:4      | Reached XP level 7. HP: 44/44 MP: 6/6
  2009 | D:4      | Found a blossoming altar of Fedhas.
  2099 | D:4      | Reached skill level 1 in Stealth
  2114 | D:4      | Found a glowing drain.
  2123 | Sewer    | Entered a sewer
  2228 | Sewer    | Found a glowing silver altar of Zin.
  2322 | D:4      | Found a staircase to the Ecumenical Temple.
  2436 | D:4      | Reached skill level 3 in Shields
  2456 | D:4      | Noticed niknal's ghost (amateur TrSu)
  2457 | D:4      | Found a runed translucent gate.
  2457 | D:4      | Identified the +1 spear "Gram" {freeze, rN+ Str+3}
  2457 | D:4      | Identified the +0 chain mail of the Threshing Gods {rElec
                  | rPois rF+ Dex+2}
  2842 | D:4      | Found a runed translucent gate.
  2844 | D:4      | Found a runed translucent gate.
  2890 | D:4      | Found a sacrificial altar of Ru.
  3122 | D:4      | Reached XP level 8. HP: 48/48 MP: 7/7
  3136 | D:4      | Killed niknal's ghost
  3137 | D:4      | Reached skill level 5 in Fighting
  3175 | D:5      | Entered Level 5 of the Dungeon
  3339 | D:5      | Reached **** piety under Trog
  3586 | D:6      | Reached skill level 4 in Shields
  3643 | D:6      | Reached skill level 5 in Armour
  3698 | D:6      | Found a hazy altar of Hepliaklqana.
  3797 | D:6      | Reached XP level 9. HP: 54/54 MP: 8/8
  4481 | D:6      | Reached skill level 5 in Shields
  4820 | D:7      | Noticed a manticore
  4834 | D:7      | Killed a manticore
  4841 | D:7      | Reached skill level 6 in Shields
  5068 | D:7      | Reached XP level 10. HP: 60/60 MP: 9/9
  5069 | D:7      | Found a white marble altar of Elyvilon.
  5338 | D:7      | Found a glowing golden altar of the Shining One.
  5828 | D:8      | Found Zeegeetia's Antique Armour Shop.
  5892 | D:8      | Found a runed translucent gate.
  5892 | D:8      | Found a runed translucent gate.
  5984 | D:8      | Found Ipacur's Jewellery Boutique.
  6039 | D:8      | Bought an amulet of regeneration for 300 gold pieces
  6072 | D:8      | Found Cin Mipn's Distillery.
  6090 | D:8      | Reached ***** piety under Trog
  6189 | D:8      | Found Haigaiq's General Store.
  6194 | D:8      | Bought a scroll of teleportation for 39 gold pieces
  6327 | D:8      | Found a burning altar of Makhleb.
  6417 | D:8      | Found a runed translucent gate.
  6420 | D:8      | Noticed YordlordTheGreat's ghost (novice MfSu)
  6490 | D:8      | Found Nydaenwi's Antique Weapon Boutique.
  6589 | D:8      | Killed YordlordTheGreat's ghost
  6590 | D:8      | Reached skill level 7 in Shields
  6715 | D:9      | Reached XP level 11. HP: 54/67 MP: 9/9
  6763 | D:9      | Reached skill level 8 in Shields
  6767 | D:9      | Reached skill level 10 in Axes
  7176 | D:9      | Noticed a two-headed ogre
  7185 | D:9      | Killed a two-headed ogre
  7219 | D:9      | HP: 2/68 [large slime creature (19)]
  7464 | D:9      | Reached skill level 9 in Shields
  7986 | D:10     | Entered Level 10 of the Dungeon
  8275 | D:10     | Noticed a cyclops
  8281 | D:10     | Noticed a two-headed ogre
  8284 | D:10     | Killed a cyclops
  8294 | D:10     | Killed a two-headed ogre
  8295 | D:10     | Reached XP level 12. HP: 75/75 MP: 10/10
  8850 | D:10     | Noticed a fire giant
  8872 | D:10     | Killed a fire giant
  8873 | D:10     | Reached skill level 10 in Shields
  9466 | D:11     | Reached skill level 5 in Dodging
  9471 | D:11     | Found a staircase to the Orcish Mines.
  9553 | D:11     | Reached skill level 11 in Shields
  9743 | D:11     | Found a staircase to the Lair.
 10003 | D:11     | Noticed a two-headed ogre
 10010 | D:11     | Killed a two-headed ogre
 10301 | D:12     | Reached skill level 10 in Armour
 10301 | D:12     | Reached skill level 5 in Stealth
 10331 | D:12     | Reached XP level 13. HP: 78/80 MP: 11/11
 10338 | D:12     | Noticed Erolcha
 10348 | D:12     | Killed Erolcha
 11053 | Lair:1   | Entered Level 1 of the Lair of Beasts
 11103 | Lair:1   | Reached skill level 10 in Fighting
 11107 | Lair:1   | Reached skill level 12 in Shields
 11452 | Lair:1   | Found a dark tunnel.
 11583 | Volcano  | Entered a volcano
 12068 | Lair:1   | Lost mutation: Your magical capacity is low. (-10% MP)
                  | [potion of mutation]
 12068 | Lair:1   | Lost mutation: Your muscles are strong. (Str +4, Int/Dex
                  | -1) [potion of mutation]
 12068 | Lair:1   | Gained mutation: You are partially covered in iridescent
                  | scales. (AC +2) [potion of mutation]
 12068 | Lair:1   | Gained mutation: Your flesh is cold resistant. (rC+)
                  | [potion of mutation]
 12068 | Lair:1   | Gained mutation: You have a somewhat thin skeletal
                  | structure. (Dex +2, Stealth+) [potion of mutation]
 12485 | Lair:2   | Gained mutation: Your large and strong wings let you fly.
                  | [Gargoyle growth]
 12485 | Lair:2   | Reached XP level 14. HP: 88/88 MP: 14/14
 12613 | Lair:2   | Reached skill level 13 in Shields
 12679 | Lair:2   | Identified the +1 pair of boots of the Cuttlefish {rN++
                  | Str-4 Int+6}
 12877 | Lair:2   | Found a staircase to the Shoals.
 12898 | Lair:2   | Reached skill level 1 in Polearms
 12987 | Lair:2   | Found a staircase to the Snake Pit.
 14665 | Lair:4   | Found a staircase to the Slime Pits.
 15021 | Lair:5   | Entered Level 5 of the Lair of Beasts
 15048 | Lair:5   | Reached skill level 14 in Shields
 15135 | Lair:5   | Reached XP level 15. HP: 79/96 MP: 15/15
 15528 | Lair:5   | Identified the +0 ring mail "Hot Itunuiv" {Rampage ^Drain
                  | rN+ Str+3 Dex+5}
 15825 | Lair:5   | Found a frozen archway.
 16668 | D:13     | Reached skill level 15 in Shields
 16845 | D:13     | Found a gate to the Vaults.
 17504 | D:14     | Found a runed translucent gate.
 17504 | D:14     | Found a runed translucent gate.
 17505 | D:14     | Found a runed translucent gate.
 17539 | D:14     | Reached XP level 16. HP: 103/103 MP: 16/16
 17593 | D:14     | Noticed Azrael
 17787 | D:14     | Noticed Louise
 17824 | D:14     | Killed Louise
 18552 | D:14     | Identified the staff "Dogeohyc" {Will++ Int-4 Conj}
 18869 | D:14     | Reached skill level 15 in Axes
 18870 | D:14     | Found a runed translucent gate.
 18870 | D:14     | Found a runed translucent gate.
 18873 | D:14     | Noticed Drangen's ghost (journeyman GnHu)
 18874 | D:14     | Noticed a tentacled monstrosity
 18879 | D:14     | Found a runed translucent gate.
 18910 | D:14     | Gained mutation: You have a pair of small antennae on your
                  | head. [a cacodemon]
 18914 | D:14     | Killed Drangen's ghost
 18919 | D:14     | Killed a tentacled monstrosity
 18920 | D:14     | Reached skill level 16 in Shields
 18921 | D:14     | Gained mutation: You occasionally shout uncontrollably at
                  | your foes. [a cacodemon]
 19004 | D:14     | Gained mutation: Your body sometimes deteriorates upon
                  | taking damage. [mutagenic glow]
 19015 | D:14     | Gained mutation: You occasionally lose the ability to read
                  | scrolls when taking damage. [mutagenic glow]
 19030 | D:14     | Gained mutation: You are frail. (-10% HP) [mutagenic glow]
 19047 | D:15     | Entered Level 15 of the Dungeon
 19278 | D:15     | Found a gate leading to a gauntlet.
 19291 | Gauntlet | Entered a Gauntlet
 19291 | Gauntlet | Found a transporter.
 19291 | Gauntlet | Found a transporter.
 19291 | Gauntlet | Found a runed translucent gate.
 19324 | Gauntlet | Found a runed translucent gate.
 19326 | Gauntlet | Found a runed translucent gate.
 19346 | Gauntlet | Found a transporter.
 19346 | Gauntlet | Found a transporter.
 19366 | Gauntlet | Found a transporter.
 19366 | Gauntlet | Found a transporter.
 19384 | Gauntlet | Found a transporter.
 19384 | Gauntlet | Found a transporter.
 19402 | Gauntlet | Found a transporter.
 19402 | Gauntlet | Found a transporter.
 19417 | Gauntlet | Found a transporter.
 19440 | Gauntlet | Identified the +0 hat "Nahiys" {Fly rC- Int+2}
 19444 | Gauntlet | Identified the +0 plate armour "Viriax" {rN+ Will++ Int+2}
 19447 | Gauntlet | Found a transporter.
 19474 | Gauntlet | Found the +2 cloak of the Thief {*Fog Slay-2 SInv Stlth+}
 19958 | D:15     | Found an ornate altar of the Wu Jian Council.
 20156 | D:15     | Found a staircase to the Depths.
 20279 | Orc:1    | Entered Level 1 of the Orcish Mines
 20534 | Orc:1    | Found a bloodstained altar of Trog.
 20811 | Orc:2    | Entered Level 2 of the Orcish Mines
 20811 | Orc:2    | Found a staircase to the Elven Halls.
 21005 | Orc:2    | Found Uphad's Weapon Shoppe.
 21006 | Orc:2    | Found Jyvyu's Magic Scroll Emporium.
 21019 | Orc:2    | Received a gift from Trog
 21034 | Orc:2    | Reached XP level 17. HP: 99/99 MP: 17/17
 21043 | Orc:2    | Found Ytrim's Weapon Shop.
 21113 | Orc:2    | Bought a scroll of teleportation for 36 gold pieces
 21113 | Orc:2    | Bought a scroll of teleportation for 36 gold pieces
 21113 | Orc:2    | Bought a scroll of blinking for 90 gold pieces
 21113 | Orc:2    | Bought a scroll of enchant armour for 90 gold pieces
 21113 | Orc:2    | Bought a scroll of enchant armour for 90 gold pieces
 21136 | Orc:2    | Found Wueq's Magic Scroll Shoppe.
 21150 | Orc:2    | Bought a scroll of teleportation for 39 gold pieces
 21150 | Orc:2    | Bought a scroll of fear for 52 gold pieces
 21150 | Orc:2    | Bought a scroll of teleportation for 39 gold pieces
 21150 | Orc:2    | Bought a scroll of enchant weapon for 97 gold pieces
 21150 | Orc:2    | Bought a scroll of teleportation for 39 gold pieces
 21522 | Snake:1  | Entered Level 1 of the Snake Pit
 21687 | Snake:1  | Noticed Frances
 21704 | Snake:1  | Killed Frances
 21705 | Snake:1  | Reached skill level 17 in Shields
 21821 | Snake:1  | Identified the ring of Riuk {rPois rCorr Int+8 Dex-5
                  | Stlth-}
 22025 | Snake:2  | Found a burning altar of Makhleb.
 22264 | Snake:2  | You are sucked into a shaft and drop 1 floor!
 22553 | Snake:3  | Found Acah's Antique Weapon Emporium.
 22555 | Snake:3  | Found Peizor's Armour Shoppe.
 22558 | Snake:3  | Found Gaxinied's Armour Emporium.
 23464 | Snake:4  | Entered Level 4 of the Snake Pit
 23946 | Snake:4  | Reached skill level 18 in Shields
 24314 | Snake:4  | Reached XP level 18. HP: 37/106 MP: 18/18
 24329 | Snake:4  | Reached skill level 15 in Fighting
 24472 | Snake:4  | Lost mutation: Your body sometimes deteriorates upon taking
                  | damage. [potion of mutation]
 24472 | Snake:4  | Lost mutation: You occasionally lose the ability to read
                  | scrolls when taking damage. [potion of mutation]
 24837 | Snake:4  | Got a serpentine rune of Zot
 25159 | Elf:1    | Entered Level 1 of the Elven Halls
 25621 | Elf:1    | Noticed Asterion
 25653 | Elf:1    | Killed Asterion
 25684 | Elf:1    | Reached skill level 19 in Shields
 26202 | Elf:2    | Identified the +4 ring mail "Dosuucw" {Will++ rCorr Slay+2}
 26231 | Elf:2    | Found a runed translucent gate.
 26231 | Elf:2    | Found a runed translucent gate.
 26236 | Elf:2    | Found a runed translucent gate.
 26335 | Elf:2    | Found a shimmering blue altar of Sif Muna.
 26370 | Elf:2    | Found a crumbling gateway.
 27418 | Elf:3    | Entered Level 3 of the Elven Halls
 27436 | Elf:3    | Reached XP level 19. HP: 75/112 MP: 19/19
 28172 | Elf:3    | Noticed an Ice Fiend
 28463 | Elf:3    | Noticed a Tzitzimitl
 28607 | Elf:3    | Reached skill level 20 in Shields
 28623 | Elf:3    | HP: 4/114 [deep elf sorcerer/bolt of acid (15)]
 28625 | Elf:3    | HP: 1/114 [deep elf sorcerer/bolt of acid (15)]
 29059 | Elf:3    | Identified the +1 robe "Ihilauh" {rN+}
 29085 | Elf:3    | Identified the +1 robe of Eternity {rF+ rCorr Archmagi}
 29092 | Abyss:3  | Found a corrupted altar of Lugonu.
 29092 | Abyss:3  | Cast into level 3 of the Abyss (a deep elf sorcerer)
 29277 | Abyss:5  | Found a corrupted altar of Lugonu.
 29339 | Abyss:5  | Noticed a bone dragon
 29370 | Abyss:5  | Killed a bone dragon
 29384 | Abyss:5  | Found a corrupted altar of Lugonu.
 29424 | Elf:3    | Escaped the Abyss
 29454 | Elf:3    | Identified the +1 scale mail of the Garden {rF+ rC+ Str+3
                  | Dex+3}
 29492 | Elf:3    | Identified the +0 battleaxe of the Wasteland {pain, rElec
                  | rF- Dex+3 SInv}
 29506 | Elf:3    | Lost mutation: You have a pair of small antennae on your
                  | head. [potion of mutation]
 29506 | Elf:3    | Lost mutation: Your flesh is cold resistant. (rC+) [potion
                  | of mutation]
 29506 | Elf:3    | Gained mutation: You are agile. (Dex +4, Str/Int -1)
                  | [potion of mutation]
 29506 | Elf:3    | Gained mutation: You have a pair of small antennae on your
                  | head. [potion of mutation]
 29507 | Elf:3    | Lost mutation: You have a pair of small antennae on your
                  | head. [potion of mutation]
 29507 | Elf:3    | Lost mutation: You occasionally shout uncontrollably at
                  | your foes. [potion of mutation]
 29507 | Elf:3    | Lost mutation: You are frail. (-10% HP) [potion of
                  | mutation]
 29507 | Elf:3    | Gained mutation: You have supernaturally acute eyesight.
                  | (SInv) [potion of mutation]
 29507 | Elf:3    | Lost mutation: You have a somewhat thin skeletal structure.
                  | (Dex +2, Stealth+) [potion of mutation]
 29507 | Elf:3    | Lost mutation: You are agile. (Dex +4, Str/Int -1) [potion
                  | of mutation]
 29507 | Elf:3    | Gained mutation: Your mind is acute. (Int +4, Str/Dex -1)
                  | [potion of mutation]
 29508 | Elf:3    | Lost mutation: Your mind is acute. (Int +4, Str/Dex -1)
                  | [potion of mutation]
 29508 | Elf:3    | Lost mutation: You have supernaturally acute eyesight.
                  | (SInv) [potion of mutation]
 29508 | Elf:3    | Lost mutation: You are partially covered in iridescent
                  | scales. (AC +2) [potion of mutation]
 29508 | Elf:3    | Gained mutation: Your mind is acute. (Int +4, Str/Dex -1)
                  | [potion of mutation]
 29508 | Elf:3    | Gained mutation: Your magical capacity is low. (-10% MP)
                  | [potion of mutation]
 29508 | Elf:3    | Gained mutation: You are agile. (Dex +4, Str/Int -1)
                  | [potion of mutation]
 29509 | Elf:3    | Lost mutation: You are agile. (Dex +4, Str/Int -1) [potion
                  | of mutation]
 29509 | Elf:3    | Lost mutation: Your mind is acute. (Int +4, Str/Dex -1)
                  | [potion of mutation]
 29509 | Elf:3    | Lost mutation: Your magical capacity is low. (-10% MP)
                  | [potion of mutation]
 29509 | Elf:3    | Gained mutation: Your mind is acute. (Int +4, Str/Dex -1)
                  | [potion of mutation]
 29509 | Elf:3    | Lost mutation: Your mind is acute. (Int +4, Str/Dex -1)
                  | [potion of mutation]
 29509 | Elf:3    | Gained mutation: You are dopey. (Int -2) [potion of
                  | mutation]
 29510 | Elf:3    | Lost mutation: You are dopey. (Int -2) [potion of mutation]
 29510 | Elf:3    | Gained mutation: You passively map a small area around you.
                  | [potion of mutation]
 29510 | Elf:3    | Gained mutation: You have hidden genetic potential. [potion
                  | of mutation]
 29511 | Elf:3    | Lost mutation: You passively map a small area around you.
                  | [potion of mutation]
 29511 | Elf:3    | Lost mutation: You have hidden genetic potential. [potion
                  | of mutation]
 29511 | Elf:3    | Gained mutation: You expend magic power (3 MP) to
                  | strengthen your wands. [potion of mutation]
 29512 | Elf:3    | Lost mutation: You expend magic power (3 MP) to strengthen
                  | your wands. [potion of mutation]
 29512 | Elf:3    | Gained mutation: You have very sharp teeth. [potion of
                  | mutation]
 29513 | Elf:3    | Identified the +7 long sword of Plague {pain, rCorr}
 29526 | Elf:3    | Identified the +11 battleaxe of the Bedazzling Gods {venom,
                  | rElec Dex+2}
 29593 | Elf:3    | Identified the +6 whip "Daul" {elec, rN++ Dex+4}
 29769 | Vaults:1 | Entered Level 1 of the Vaults
 29860 | Vaults:1 | Reached skill level 1 in Long Blades
 30018 | Vaults:1 | Reached XP level 20. HP: 134/134 MP: 20/20
 30448 | Vaults:1 | Killed from afar by an ironbound thunderhulk

Illustrated notes

Levels and vault maps discovered:
D:1:      minmay_arrival_shattered_statue, layout_rooms, serial_bayou,
          serial_bayou_shore_b, serial_bayou_shore_b, serial_bayou_pond_b,
          serial_bayou_pond_e, st_stairs_8
D:2:      layout_rooms, basic_altar
D:3:      layout_basic, nzn_wu_jian_council_hall, kiku_gazebo_garden_becter,
          uniq_natasha
D:4:      layout_gridville, nicolae_ru_path_of_blood,
          mainiacjoe_overflow_large_starburst, minmay_temple_entry_junction,
          biasface_ghost_orc_armoury, portal_sewer_entry_d
D:5:      layout_gridville
D:6:      layout_gridville, mainiacjoe_overflow_chevrons
D:7:      layout_loops_ring, elyvilon_altar_3, nicolae_tso_carved_into_rock,
          nicolae_kite_square_tiling_tiny
D:8:      layout_loops_cross, general_overflow_altar, serial_shops,
          nicolae_take_the_stairs, shop, shop, nicolae_shop_back_alley_shop,
          nicolae_shop_crystal, gammafunk_ghost_necromancy, blue_anna_alchemist
D:9:      layout_layer_cave, serial_undead, serial_undead_a, serial_undead_c,
          serial_undead_e, serial_undead_f, serial_undead_e, serial_undead_c,
          serial_undead_f, serial_undead_c, serial_undead_b, serial_undead_c
D:10:     nzn_winding_woodlands_stair_cross [nzn_winding_woodlands_5x15_default,
          nzn_winding_woodlands_center_lodge,
          nzn_winding_woodlands_5x15_crooked,
          nzn_winding_woodlands_5x5_perimeter,
          nzn_winding_woodlands_5x5_open_star,
          nzn_winding_woodlands_5x15_longhouse,
          nzn_winding_woodlands_center_triple_pond,
          nzn_winding_woodlands_5x15_sawtooth], layout_loops_cross,
          serial_rivers, chequers_serial_rivers_micro_c,
          chequers_serial_rivers_room_a, chequers_serial_rivers_small_a,
          chequers_serial_rivers_small_b, small_statue_intersection
D:11:     layout_loops_ring, minmay_lair_entry_grove, david_orc_3
D:12:     layout_cave_pods, uniq_erolcha
D:13:     layout_basic, grunt_vaults_entry_fortified
D:14:     dreamdust_isle_of_ice, layout_basic,
          ploomutoo_gammafunk_ghost_potion_laboratory, kennysheep_small_spiral,
          uniq_louise, uniq_azrael
D:15:     grunt_enter_depths_snipers, layout_cave_pools, special_room
          [special_room_bee], gauntlet_entry_generic, lemuel_doored_altar,
          hangedman_abyss_or_decor_lesser_grid
Lair:1:   minmay_lair_venomous_thicket, layout_misc_corridors, enter_volcano_4,
          grunt_megastairs_5, serial_bayou_shore_a
Lair:2:   layout_gridlike, minmay_shoals_entry_hut,
          nicolae_snake_entry_warm_welcome, lemuel_fruit_fields
Lair:3:   layout_hall_layers, dreamdust_mushroom_princess
Lair:4:   layout_regular_city, minmay_slime_entry_oklob_enclosed
Lair:5:   evilmike_catoblepas_cave, layout_misc_corridors,
          portal_ice_cave_demonic_guard, infiniplex_staircase_pool
Snake:1:  layout_rooms, st_stairs_3, serial_bayou_pond_e, uniq_frances
Snake:2:  layout_grid_shapes, basic_altar, nicolae_twisty_statue_hallways
Snake:3:  layout_onion, minmay_shop_star
Snake:4:  grunt_snake_rune_pools, layout_cave_town, drop_trap
Orc:1:    layout_diamond_mine, basic_altar
Orc:2:    st_orc_open, layout_caves
Elf:1:    layout_geoelf_diagonals, minmay_elf_annihilation,
          serial_sigils_hangedman_etch, minmay_crystal_room, uniq_asterion
Elf:2:    elven_hall_of_blades_hangedman_original
          [nicolae_blade_entry_antechamber], layout_onion_city,
          portal_desolation_entry_nicolae_menacing_earthworks, serial_library,
          serial_library_hellmonk_open_cross, serial_library_regret_index_multi,
          serial_library_hellmonk_angled_corner,
          serial_library_hellmonk_statue_hall, serial_library_hellmonk_h_bend,
          serial_library_hellmonk_hallway_a,
          serial_library_hellmonk_small_alcove,
          serial_library_hellmonk_recessed_alcove
Elf:3:    elf_hall, layout_geoelf_diagonals
Vaults:1: nicolae_vaults_layer_cake_slice, nicolae_vaults_puzzle_piece,
          hangedman_vaults_cutoff, nicolae_vaults_house_1,
          nicolae_vaults_tangram_1, nicolae_vaults_doubleplus_tesselated,
          nicolae_vaults_wine_cellar, ontoclasm_vaults_decontamination,
          vaults_room_corners, nicolae_vaults_trapezoid_lopsided_3,
          grunt_vaults_twisty, nicolae_vaults_house_2,
          vaults_room_hangedman_quadrants, layout_vaults_chaotic_city,
          serial_shops, shop_fountains

Skill      XL: |  1  2  3  4  5  6  7  8  9 10 11 12 13 14 15 16 17 18 19 20 |
---------------+-------------------------------------------------------------+-----
Axes           | 3 4 5 6 7 8 9 10 11 13 14 15 16 17 18 | 18.1
Dodging        | 2 3 4 5 6 7 8 |  8.2
Shields        | 1 2 3 4 6 7 9 11 12 14 15 16 18 19 20 | 20.5
Fighting       | 4 5 6 7 8 9 10 11 12 14 16 17 | 17.1
Armour         | 3 5 6 7 9 10 11 12 13 14 | 14.8
Stealth        | 1 2 3 4 5 7 8 9 |  9.4
Polearms       | 1 |  1.7
Long Blades    | 1 3 |  3.3

Action                     |  1- 3 |  4- 6 |  7- 9 | 10-12 | 13-15 | 16-18 | 19-21 || total
---------------------------+-------+-------+-------+-------+-------+-------+-------++-------
  Melee: Hand axe          |    84 |    89 |   219 |   679 |  1240 |   224 |       ||  2535
         War axe           |    35 |       |       |       |       |  1142 |       ||  1177
         Spear             |       |       |       |       |    42 |       |       ||    42
         Broad axe         |       |       |       |       |       |    82 |   425 ||   507
         Demon blade       |       |       |       |       |       |       |   174 ||   174
         Bite              |       |       |       |       |       |       |    37 ||    37
  Throw: Dart              |       |       |       |       |       |       |     1 ||     1
 Invoke: Berserk           |     4 |     4 |     3 |    16 |    26 |    31 |    12 ||    96
         Trog's Hand       |       |       |     1 |    15 |    13 |    34 |    15 ||    78
         Brothers in Arms  |       |       |       |     3 |     2 |    10 |     5 ||    20
    Use: Scroll            |     3 |     4 |     3 |     9 |     9 |    31 |     5 ||    64
         Potion            |       |     1 |       |     2 |     5 |    17 |    15 ||    40
   Stab: Distracted        |       |     1 |     2 |    11 |     5 |     6 |     1 ||    26
         Sleeping          |       |       |       |       |     5 |    11 |     6 ||    22
         Petrified         |       |       |       |       |    19 |       |       ||    19
 Armour: Animal skin       |    94 |     8 |       |       |       |       |       ||   102
         Scale mail        |       |    38 |    42 |       |       |       |       ||    80
         Chain mail        |       |       |    73 |   461 |   707 |   869 |   584 ||  2694
         Skin              |       |       |       |       |     6 |       |       ||     6
  Dodge: Dodged            |    87 |    23 |    66 |   269 |   438 |   503 |   333 ||  1719
  Block: Kite shield       |    48 |    37 |   100 |   498 |   924 |  1387 |   726 ||  3720
         Reflection        |       |       |       |       |       |    85 |    51 ||   136

Table legend: (Time is in decaauts)
 A = Elapsed time spent in this place.
 B = Non-inter-level travel time spent in this place.
 C = Inter-level travel time spent in this place.
 D = Time resting spent in this place.
 E = Time spent auto-exploring this place.
 F = Levels seen in this place.
 G = Mean time per level.
                   A        B        C        D        E       F      G
               +--------+--------+--------+--------+--------+-----+--------+
         Total |  30349 |  29011 |   1338 |   2810 |  17045 |  36 |  843.0 |
       Dungeon |  15018 |  14389 |    629 |   1465 |   8837 |  15 | 1001.2 |
          Lair |   4783 |   4399 |    384 |      0 |   3004 |   5 |  956.6 |
     Snake Pit |   3463 |   3353 |    110 |    426 |   1758 |   4 |  865.8 |
  Orcish Mines |   1161 |   1069 |     92 |      0 |    800 |   2 |  580.5 |
   Elven Halls |   4126 |   4006 |    120 |    651 |   2034 |   3 | 1375.3 |
        Vaults |    735 |    735 |      0 |     84 |    282 |   1 |  735.0 |
         Abyss |    306 |    306 |      0 |     22 |     59 |   3 |  102.0 |
         Sewer |    168 |    168 |      0 |      0 |    117 |   1 |  168.0 |
       Volcano |    311 |    311 |      0 |    120 |     86 |   1 |  311.0 |
      Gauntlet |    275 |    275 |      0 |     41 |     67 |   1 |  275.0 |
               +--------+--------+--------+--------+--------+-----+--------+

Top non-repeatable levels by time:
   Elf:2: 1848 daAuts
    D:14: 1704 daAuts
     D:9: 1585 daAuts
 Snake:4: 1410 daAuts
   Elf:3: 1327 daAuts
    D:13: 1202 daAuts
    D:10: 1138 daAuts
     D:4: 1076 daAuts
  Lair:1: 1061 daAuts
     D:8: 1060 daAuts
     D:7: 1039 daAuts
 Snake:3: 1033 daAuts
     D:6: 1033 daAuts
  Lair:2: 1003 daAuts
  Lair:5: 1000 daAuts
